 Dungeon Crawl Stone Soup version 0.29.1-15-g9cfb28693d (webtiles) character file.

Game seed: 235235810878949872

160 leafyfresh the Sneak (level 5, -1/37 HPs)
             Began as an Octopode Delver on Mar 4, 2023.
             Was an Initiate of Ashenzari.
             Splashed by a jelly's acid (7 damage)
             ... on level 3 of the Dungeon.
             The game lasted 00:01:56 (1118 turns).

leafyfresh the Sneak (Octopode Delver)              Turns: 1118, Time: 00:01:58

Health: -1/37      AC: -11   Str: 11    XL:     5   Next: 41%
Magic:  14/14      EV: 14    Int: 15    God:    Ashenzari [......]
Gold:   51         SH:  0    Dex: 13    Spells: 4/4 levels left

rFire   . . .      SeeInvis .   a - +0 short sword
rCold   . . .      Faith    .   (no shield)
rNeg    . . .      Spirit   .   (helmet restricted)
rPois   .          Reflect  .   (no amulet)
rElec   .          Harm     .   j - ring of magical power
rCorr   .          Rampage  .   (no ring)
Will    .....                   (no ring)
Stlth   +++++.....              (no ring)
HPRegen 0.12/turn               (no ring)
MPRegen 0.14/turn               (no ring)
                                (no ring)
                                (no ring)

@: corroded
A: almost no armour, amphibious, 8 rings, camouflage 1, gelatinous body 1,
(nimble swimmer 1), tentacles
a: Renounce Religion, Curse Item


You were on level 3 of the Dungeon.
You worshipped Ashenzari.
Ashenzari was noncommittal.
You visited 2 branches of the dungeon, and saw 4 of its levels.

You collected 51 gold pieces.

Inventory:

Hand Weapons
 a - a +0 short sword (weapon)
Jewellery
 j - a ring of magical power (left tentacle)
Wands
 f - a wand of digging (3)
Scrolls
 b - 2 scrolls of fog
 c - a scroll of magic mapping
 d - a scroll of fear
 h - 3 scrolls of identify {unknown}
 k - a scroll of enchant weapon {unknown}
 l - a scroll of amnesia {unknown}
Potions
 e - a potion of haste
 g - a potion of heal wounds {unknown}
 i - a potion of mutation {unknown}
 m - a potion of curing {unknown}


   Skills:
 + Level 4.1 Fighting
 - Level 2.0 Short Blades
 + Level 3.4 Dodging
 + Level 7.9 Stealth


You had 4 spell levels left.
You didn't know any spells.
Your spell library was empty.

Dungeon Overview and Level Annotations

Branches:
Dungeon (5/15)             Temple (1/1) D:5

Altars:
Ashenzari
Cheibriados
Fedhas
Gozag
Sif Muna
Trog
Xom
The Shining One

Shops:
D:5 (


Innate Abilities, Weirdness & Mutations

You cannot wear most types of armour.
You are amphibious.
You can wear up to eight rings at the same time.
Your skin changes colour to match your surroundings (Stealth+).
Your rubbery body absorbs attacks. (AC +1, EV +1)
((You are camouflaged when in or above water. (Stealth+)))
You have tentacles for arms and can constrict up to eight enemies at once.


Message History

No target in view!
You now have 51 gold pieces (gained 10).
Key pressed, stopping explore.
No target in view!
You see here a staff of conjuration.
No target in view!
m - a sapphire potion No target in view!
A jelly comes into view.
Found a stone staircase leading down.
The jelly quivers.
A jelly is nearby!
A jelly is nearby!
The jelly jiggles.
A jelly is nearby!
You hit the jelly.
Your tentacles burn!
The jelly is moderately wounded.
The jelly hits you.
You are splashed with acid!
You hit the jelly. The acid corrodes you!
Your tentacles burn!
The jelly is moderately wounded.
The jelly closely misses you.
You hit the jelly but do no damage. The acid corrodes you!
Your tentacles burn!
The jelly is moderately wounded.
The jelly barely misses you.
You are too injured to fight recklessly!
Unknown command.
You hit the jelly. The acid corrodes you!
Your tentacles burn!
The jelly is heavily wounded.
The jelly misses you.
You hit the jelly but do no damage.
Your tentacles burn!
The jelly is heavily wounded.
The jelly misses you.
You hit the jelly but do no damage.
Your tentacles burn!
* * * LOW HITPOINT WARNING * * *
You squeeze the jelly, but do no damage.
The jelly is heavily wounded.
The jelly hits you.
* * * LOW HITPOINT WARNING * * *
You are splashed with acid!
You die...

## ### .... .. ......
.... ##.# #.....
.....##..## ##.....
.....#>... ......
.........# #.#...
.........# #.....
.........# #....
###..J@.# #########...
#...[....####...........
#.###.......#...........
#....####.#.........#.
#.### #.#.........## #.
#.#.........## #
#..........|##
#####.######## #...


You could see a jelly.

Vanquished Creatures
  A sky beast (D:4)
  2 iguanas
  A dart slug (D:3)
  An orc (D:3)
  An endoplasm (D:3)
  A giant cockroach (D:3)
  2 goblins (D:3)
  3 hobgoblins (D:4)
  A kobold (D:3)
  A ball python (D:4)
14 creatures vanquished.

Notes
Turn   | Place    | Note
-------+----------+-------------------------------------------
     0 | D:5      | leafyfresh the Octopode Delver began the quest for the Orb.
     0 | D:5      | Reached XP level 1. HP: 16/16 MP: 1/1
    27 | D:5      | Found a staircase to the Ecumenical Temple.
    48 | Temple   | Entered the Ecumenical Temple
    62 | Temple   | Became a worshipper of Ashenzari the Shackled
   107 | D:5      | Noticed an iguana
   111 | D:5      | Killed an iguana
   112 | D:5      | Reached skill level 7 in Stealth
   112 | D:5      | Reached XP level 2. HP: 21/21 MP: 2/2
   112 | D:5      | Reached XP level 3. HP: 26/26 MP: 3/3
   140 | D:5      | Found Kurumyod's Antique Weapon Boutique.
   217 | D:4      | Found an opulent altar of Gozag.
   220 | D:4      | Found a shimmering blue altar of Sif Muna.
   226 | D:4      | Noticed a black bear
   257 | D:4      | Noticed a sky beast
   266 | D:4      | HP: 1/26 [sky beast (5)]
   267 | D:4      | Killed a sky beast
   268 | D:4      | Reached XP level 4. HP: 1/33 MP: 4/4
   268 | D:4      | Reached XP level 5. HP: 1/37 MP: 5/5
  1118 | D:3      | Splashed by a jelly's acid

Illustrated notes

Levels and vault maps discovered:
D:3:      layout_basic
D:4:      layout_loops_ring, mainiacjoe_overflow_catwalk_spiral, serial_shops,
          shop_statue, uniq_ijyb
D:5:      layout_gridville, temple_green, serial_shops, shop, st_stairs_4,
          nicolae_grassy_gnolls
Temple:   eino_temple_water

Skill      XL: |  1  2  3 |
---------------+----------+-----
Stealth        | 7 |  7.9
Fighting       | 4 |  4.1
Dodging        | 3 |  3.4
Short Blades   | |  2.0

Action                   |  1- 3 |  4- 6 || total
-------------------------+-------+-------++-------
Melee: Short sword       |     6 |    24 ||    30
       Tentacles         |     2 |     4 ||     6
       Constrict         |       |     4 ||     4
 Stab: Sleeping          |     3 |     5 ||     8
       Distracted        |       |     1 ||     1
Armor: Skin              |       |     2 ||     2
Dodge: Dodged            |       |     8 ||     8
